 Dungeon Crawl Stone Soup version 0.23-a0-448-g1c01f63178 (webtiles) character file.

191 LLavrengius the Chopper (level 5, -1/45 HPs)
             Began as a Hill Orc Fighter on Nov 20, 2018.
             Was an Initiate of Makhleb.
             Slain by a worker ant (3 damage)
             ... on level 3 of the Dungeon.
             The game lasted 00:06:16 (3272 turns).

LLavrengius the Chopper (Hill Orc Fighter)          Turns: 3272, Time: 00:06:17

Health: -1/45      AC:  6    Str: 20    XL:     5   Next: 70%
Magic:  5/5        EV:  7    Int:  8    God:    Makhleb [......]
Gold:   146        SH:  9    Dex: 10    Spells: 4/4 levels left

rFire    + . .     SeeInvis .   a - +0 war axe
rCold    + . .     Gourm    .   c - +0 shield
rNeg     . . .     Faith    .   b - +0 scale mail
rPois    +         Spirit   .   (no helmet)
rElec    +         Reflect  .   (no cloak)
rCorr    +         Harm     .   (no gloves)
MR       .....                  (no boots)
Stlth    ..........             (no amulet)
HPRegen  0.15/turn              (no ring)
MPRegen  0.09/turn              (no ring)

@: lethally poisoned (-1 -> -5), resistant
A: no striking features
a: Renounce Religion


You were on level 3 of the Dungeon.
You worshipped Makhleb.
Makhleb was noncommittal.
You were hungry.

You visited 2 branches of the dungeon, and saw 5 of its levels.

You collected 146 gold pieces.

Inventory:

Hand Weapons
 a - a +0 war axe (weapon)
Missiles
 r - a throwing net (quivered)
Armour
 b - a +0 scale mail (worn)
 c - a +0 shield (worn)
Jewellery
 h - an uncursed amulet of rage {unknown}
 j - a +3 ring of strength {unknown}
 m - a +4 ring of intelligence {unknown}
Scrolls
 g - a scroll of magic mapping {unknown}
 i - 3 scrolls of identify {unknown}
 l - a scroll of teleportation {unknown}
 n - 2 scrolls of remove curse {unknown}
Potions
 d - 3 potions of might
 e - a potion of cancellation {unknown}
 k - a potion of resistance
 o - a potion of brilliance {unknown}
 p - a potion of heal wounds {unknown}
 q - a potion of invisibility {unknown}
 s - a potion of curing
 u - a potion of lignification {unknown}
Comestibles
 f - 6 rations


   Skills:
 - Level 3.6 Fighting
 + Level 7.6 Axes
 - Level 3.2 Armour
 - Level 3.2 Shields
 + Level 0.0 Invocations


You had 4 spell levels left.
You didn't know any spells.
Your spell library contained the following spells:

 Spells                   Type           Power        Failure   Level  Hunger
 Summon Small Mammal      Summ           #...         99%         1    ##.....
 Call Imp                 Summ           #.......     100%        2    ###....
 Call Canine Familiar     Summ           #.......     100%        3    ####...
 Summon Guardian Golem    Hex/Summ       #.......     100%        3    ####...
 Summon Ice Beast         Ice/Summ       #.......     100%        4    #####..
 Summon Lightning Spire   Summ/Air       #.......     100%        4    #####..


Dungeon Overview and Level Annotations

Branches:
Dungeon (4/15)             Temple (1/1) D:4

Altars:
Ashenzari
Cheibriados
Dithmenos
Elyvilon
Fedhas
Hepliaklqana
Kikubaaqudgha
Makhleb
Nemelex Xobeh
Qazlal
Ru
Trog
Uskayaw
Vehumet
Wu Jian
Xom
Yredelemnul
The Shining One

Annotations:
D:3 1 runed door, HELP's ghost, amateur MiBe


Message History

The worker ant is heavily wounded.
You block the worker ant's attack.
You barely miss the worker ant.
The worker ant is heavily wounded.
The worker ant bites you.
* * * LOW HITPOINT WARNING * * *
You are poisoned.
The worker ant poisons you! You block the worker ant's attack.
You closely miss the worker ant.
The worker ant is heavily wounded.
You feel sick. The worker ant bites you.
* * * LOW HITPOINT WARNING * * *
You closely miss the worker ant.
The worker ant is heavily wounded.
* * * LOW HITPOINT WARNING * * *
You feel sick. The worker ant closely misses you.
You hit the worker ant.
The worker ant is heavily wounded.
The worker ant barely misses you. The worker ant bites you.
You die...

##..# #.# #.##.# #. #.#.#
#.# #.##.# #. ###...# #.#
#.##.# #† ......#
##.###.##.# #. ###.###
#.........# #.
###.##########.###.#######
#.
...#.....................#
##
###.#####...####[..#####.#
#.# #.#....[@a...###.##
###.#####...####.###......#
...........## #.# #####..#
.##.######.# #.# #..# .##.#
#.# #.# #..# ....# ###.#
#.# #..# #### .#### ##...#
#.# #..# ##... .######....#
#.# #..###..## ...........#
#.# #..##..##⌠


You could see a worker ant.

Vanquished Creatures
  An orc priest (D:3)
  An orc wizard (D:4)
  Terence (D:3)
  A gnoll (D:3)
  An adder (D:3)
  4 dart slugs
  2 leopard geckos (D:2)
  6 orcs (D:3)
  3 giant cockroaches
  3 goblins
  12 hobgoblins
  4 jackals
  9 kobolds
  A quokka (D:2)
  4 ball pythons
  5 bats
  7 frilled lizards
  A leopard gecko zombie (D:3)
  9 rats
75 creatures vanquished.

Notes
Turn   | Place    | Note
-------+----------+-------------------------------------------
     0 | D:1      | LLavrengius the Hill Orc Fighter began the quest for the
                  | Orb.
     0 | D:1      | Reached XP level 1. HP: 19/19 MP: 1/1
    39 | D:1      | Reached skill level 3 in Axes
   229 | D:1      | Reached XP level 2. HP: 20/26 MP: 2/2
   357 | D:1      | Reached skill level 4 in Axes
   813 | D:2      | Found a white marble altar of Elyvilon.
   842 | D:2      | Reached XP level 3. HP: 28/31 MP: 3/3
   947 | D:2      | Noticed a water elemental
   949 | D:2      | Found a stormy altar of Qazlal.
   950 | D:2      | Noticed an air elemental
   950 | D:2      | Noticed an earth elemental
   950 | D:2      | Noticed a fire elemental
  1063 | D:2      | Reached skill level 5 in Axes
  1070 | D:2      | Found a basalt altar of Yredelemnul.
  1334 | D:2      | Found a shadowy altar of Dithmenos.
  1540 | D:3      | Found a runed door.
  1540 | D:3      | Noticed HELP's ghost (amateur MiBe)
  1789 | D:3      | Reached XP level 4. HP: 38/39 MP: 4/4
  2106 | D:3      | Noticed Terence
  2127 | D:3      | Killed Terence
  2127 | D:3      | Reached skill level 6 in Axes
  2269 | D:3      | Reached XP level 5. HP: 8/45 MP: 5/5
  2768 | D:3      | Reached skill level 7 in Axes
  2957 | D:4      | Found a staircase to the Ecumenical Temple.
  2968 | Temple   | Entered the Ecumenical Temple
  3200 | Temple   | Became a worshipper of Makhleb the Destroyer
  3227 | D:4      | Noticed an ogre
  3271 | D:3      | HP: 2/45 [poisoned by a worker ant]
  3272 | D:3      | Slain by a worker ant

Vault maps used:
D:1:      dpeg_arrival_stonehenge_12_columns
D:2:      kennysheep_ying_yang, nicolae_qazlal_style_of_elements,
          grunt_dithmenos_smoke
D:3:      minmay_chambers_of_threes, hellmonk_ghost_happy_afterlife,
          uniq_terence
D:4:      temple_pool_b, first_ration, nicolae_tso_besieged_by_evil, uniq_ijyb,
          uniq_eustachio, uniq_duvessa, uniq_blork_the_orc
Temple:   minmay_temple_curvy_branch

Skill      XL: |  1  2  3  4  5 |
---------------+----------------+-----
Axes           | 3 4 5 6 7 |  7.6
Fighting       | |  3.6
Armour         | |  3.2
Shields        | |  3.2

Action                   |  1- 3 |  4- 6 || total
-------------------------+-------+-------++-------
Melee: War axe           |   156 |    91 ||   247
  Use: Potion            |       |     2 ||     2
  Eat: Chunk             |     3 |     4 ||     7
Armor: Scale mail        |    82 |    37 ||   119
Dodge: Dodged            |    37 |    27 ||    64
Block: Shield            |    69 |    64 ||   133

Table legend:
 A = Non-vault XP
 B = Vault XP
 C = Vault XP percentage of total XP
 D = Non-vault monster count
 E = Vault monster count
 F = Vault count percentage of total count
                 A         B        C        D         E       F
            +---------+---------+-------+---------+---------+-------
      Total |     196 |      78 |  28.5 |      63 |      12 |  16.0
            +---------+---------+-------+---------+---------+-------
        D:1 |      28 |       0 |   0.0 |      18 |       0 |   0.0
        D:2 |      38 |       0 |   0.0 |      20 |       0 |   0.0
        D:3 |      88 |      78 |  47.0 |      24 |      12 |  33.3
        D:4 |      42 |       0 |   0.0 |       1 |       0 |   0.0
            +---------+---------+-------+---------+---------+-------
